 Dungeon Crawl Stone Soup version 0.31-a0-151-ge443d1f16c (webtiles) character file.

Game seed: 18444659528873604577

565 qw the Shooter (level 7, -6/44 HPs)
             Began as a Gargoyle Hunter on June 8, 2023.
             Mangled by Maggie
             ... wielding a +0 halberd
              (11 damage)
             ... on level 6 of the Dungeon.
             The game lasted 00:01:08 (3390 turns).

qw the Shooter (Gargoyle Hunter)                    Turns: 3390, Time: 00:01:09

Health: -6/44      AC: 13    Str: 15    XL:     7   Next: 32%
Magic:  7/7        EV: 11    Int:  9    God:
Gold:   109        SH:  0    Dex: 15    Spells: 6/6 levels left

rFire   . . .        Y - +1 shortbow
rCold   . . .        (shield currently unavailable)
rNeg    + . .        d - +0 ring mail
rPois   inf          (no helmet)
rElec   +            f - +0 cloak
rCorr   .            (no gloves)
SInv    .            (no boots)
Will    .....        (no amulet)
Stlth   +            (no ring)
HPRegen 0.27/turn    (no ring)
MPRegen 0.10/turn

%: no passive effects
@: no status effects
A: sickness immunity, AC +4, negative energy resistance 1, electricity
resistance, torment resistance 1, petrification resistance, iridescent scales 1
a: no special abilities


You were on level 6 of the Dungeon.
You visited 1 branch of the dungeon, and saw 5 of its levels.

You collected 109 gold pieces.


Innate Abilities, Weirdness & Mutations

You are immune to sickness and miasma.
Your stone body is resilient. (AC +4)
You are immune to poison.
You resist negative energy. (rN+)
You are resistant to electric shocks. (rElec)
You are resistant to unholy torment.
You are immune to petrification.
You are partially covered in iridescent scales. (AC +2)


   Skills:
 - Level 4.4 Fighting
 + Level 7.6 Ranged Weapons
 - Level 1.4 Armour
 - Level 1.5 Dodging
 - Level 1.1 Stealth


You had 6 spell levels left.
You didn't know any spells.
Your spell library was empty.

Inventory:

Hand Weapons
 Y - a +1 shortbow (weapon)
Armour
 d - a +0 ring mail (worn)
 f - a +0 cloak (worn)
Scrolls
 b - a scroll of identify
Potions
 c - a potion of curing {unknown}
 e - a potion of degeneration {unknown}
 g - a potion of haste
 h - 3 potions of mutation
 i - a potion of lignification {unknown}
 k - a potion of ambrosia {unknown}

Dungeon Overview and Level Annotations

Branches:
Dungeon (6/15)
 Temple: D:4-7

Altars:
Fedhas
Hepliaklqana

Annotations:
D:6 Maggie


Message History

Your hound's corpse dissolves into shadows!
You shoot an arrow. The arrow barely misses Maggie.
Maggie zaps a wand.
The mass of ice explodes!
The iceblast engulfs you!
The iceblast engulfs your howler monkey!
You shoot an arrow. The arrow hits Maggie.
Maggie is lightly wounded.
Maggie gestures at you while chanting. The bolt of fire hits you!!
The bolt of fire hits your howler monkey!!
Your howler monkey dies!
Your howler monkey's corpse dissolves into shadows!
The bolt of fire hits your hound!
You shoot an arrow. The arrow hits Maggie.
Maggie is moderately wounded.
Maggie casts a spell at you. The bolt of fire hits you!
The bolt of fire hits your hound!!
Your hound dies!
Your hound's corpse dissolves into shadows!
You shoot an arrow. The arrow hits Maggie.
Maggie is moderately wounded.
Maggie gestures at you while chanting. The bolt of fire misses you.
You shoot an arrow. The arrow closely misses Maggie.
Maggie closely misses you.
You shoot an arrow. The arrow closely misses Maggie.
Maggie closely misses you.
You shoot an arrow. The arrow closely misses Maggie.
Maggie hits you from afar with a +0 halberd.
You shoot an arrow. The arrow hits Maggie.
Maggie is heavily wounded.
Maggie hits you from afar with a +0 halberd.
You shoot an arrow.
The arrow hits Maggie but does no damage.
Maggie is heavily wounded.
You break out of your daze.
Maggie barely misses you. Maggie casts a spell at you.
The bolt of fire misses you. Maggie hits you with a +0 halberd!
You die...

#.##############.#
#.
#.............##.#
#.
######.######.##.#
#.
###.######.##.###.
#.......##.#...##.
#.#.###...........
#.#.# ####%#...##.
#!#.# #.##.####
#@#.# #.##.# #@#..
..##.# .....
####+# ##.##. #.#
... .<. ...


You could see Maggie.

Vanquished Creatures
  2 black bears
  An ogre (D:4)
  A howler monkey (D:4)
  3 hounds
  An orc priest (D:6)
  An orc wizard (D:6)
  5 adders
  7 orcs
  10 ball pythons
  3 bats
  9 endoplasms
  4 giant cockroaches
  5 hobgoblins
  2 jackals (D:1)
  5 kobolds
  4 quokkas
  A frilled lizard (D:3)
  5 goblins
  2 rats
71 creatures vanquished.

Notes
Turn   | Place    | Note
-------+----------+-------------------------------------------
     0 | D:1      | qw the Gargoyle Hunter began the quest for the Orb.
     0 | D:1      | Reached XP level 1. HP: 12/12 MP: 1/1
     0 | D:1      | 0 ||| qw: Version: 0.2-a-120-gdf1a93b
     0 | D:1      | 0 ||| qw: Game counter: 3040
     0 | D:1      | 0 ||| qw: Always use a shield: true
     0 | D:1      | 0 ||| qw: God list: Okawaru
     0 | D:1      | 0 ||| qw: Allow faded altars: false
     0 | D:1      | 0 ||| qw: Do Orc after D:15 true
     0 | D:1      | 0 ||| qw: Do second Lair branch before Depths: true
     0 | D:1      | 0 ||| qw: Lair rune preference: random
     0 | D:1      | 0 ||| qw: Plans: Normal
     0 | D:1      | 0 ||| PLANNING D:1-11
   151 | D:1      | Reached XP level 2. HP: 12/17 MP: 2/2
   865 | D:1      | 865 ||| UPGRADING to +0 ring mail.
   875 | D:1      | 875 ||| DROPPING +0 leather armour.
   876 | D:1      | 876 ||| READING scroll labelled BINEUN KIGAQO.
   877 | D:1      | 877 ||| READING scroll labelled FISKUR OPIFFYM.
   882 | D:1      | 882 ||| DROPPING scroll of butterflies.
   929 | D:2      | Reached XP level 3. HP: 21/21 MP: 3/3
  1230 | D:2      | Reached skill level 1 in Armour
  1329 | D:2      | Reached skill level 5 in Ranged Weapons
  1758 | D:2      | 1758 ||| READING scroll labelled USOELO IDEPS.
  1759 | D:2      | 1759 ||| READING scroll labelled HUGIAZ GIENOFIRU.
  1804 | D:3      | Found a faded altar of an unknown god.
  1809 | D:3      | Found a blossoming altar of Fedhas.
  1823 | D:3      | Reached XP level 4. HP: 27/27 MP: 4/4
  1857 | D:3      | Reached skill level 3 in Fighting
  1944 | D:3      | Found a hazy altar of Hepliaklqana.
  2293 | D:3      | Reached XP level 5. HP: 24/32 MP: 5/5
  2378 | D:3      | 2378 ||| UPGRADING to +0 cloak.
  2383 | D:3      | 2383 ||| READING scroll labelled LOVUMP GEANYE.
  2384 | D:3      | 2384 ||| READING scroll labelled ZESKUNGISM.
  2385 | D:3      | 2385 ||| DRINKING 4 murky black potions.
  2385 | D:3      | Gained mutation: You are partially covered in iridescent
                  | scales. (AC +2) [potion of mutation]
  2386 | D:3      | 2386 ||| READING 2 scrolls of identify.
  2386 | D:3      | 2386 ||| IDENTIFYING bubbling green potion
  2426 | D:4      | 2426 ||| STAIRDANCE
  2530 | D:4      | Noticed a black bear
  2544 | D:4      | HP: 7/32 [black bear (2)]
  2545 | D:4      | 2545 ||| DRINKING potion of heal wounds.
  2548 | D:4      | Killed a black bear
  2549 | D:4      | Reached skill level 6 in Ranged Weapons
  2549 | D:4      | Reached XP level 6. HP: 20/37 MP: 6/6
  2660 | D:4      | 2660 ||| DRINKING 2 puce potions.
  2668 | D:4      | 2668 ||| STAIRDANCE
  2763 | D:4      | HP: 9/37 [ogre/+0 giant club (23)]
  2967 | D:4      | You fall into a shaft and drop 2 floors!
  2988 | D:6      | Noticed a black bear
  3004 | D:6      | HP: 9/39 [black bear (3)]
  3006 | D:6      | Killed a black bear
  3007 | D:6      | Reached skill level 7 in Ranged Weapons
  3007 | D:6      | Reached XP level 7. HP: 11/44 MP: 7/7
  3184 | D:6      | 3184 ||| Stepping ~*~*~tactically~*~*~ (outnumbered).
  3190 | D:6      | 3190 ||| Stepping ~*~*~tactically~*~*~ (outnumbered).
  3374 | D:6      | 3374 ||| READING scroll labelled CIMU COCROYNWO.
  3375 | D:6      | 3375 ||| READING scroll labelled KIGGI TYGO.
  3376 | D:6      | 3376 ||| DRINKING 2 metallic green potions.
  3377 | D:6      | 3377 ||| DROPPING potion of magic.
  3377 | D:6      | Noticed Maggie
  3383 | D:6      | HP: 9/44 [Maggie/bolt of fire (8)]
  3388 | D:6      | HP: 5/44 [Maggie/+0 halberd (2)]
  3390 | D:6      | Mangled by Maggie

Levels and vault maps discovered:
D:1:      lightli_arrival_windingriver, layout_basic
D:2:      layout_loops_corners, serial_bayou_ford_a
D:3:      layout_rooms, nicolae_overflow_ecumenical_swirl,
          mainiacjoe_overflow_alcove_2, minmay_shallow_snake_nest
D:4:      layout_gridville
D:6:      layout_loops_corners, minmay_temple_entry_junction,
          kennysheep_pointless_box, uniq_maggie

Skill      XL: |  1  2  3  4  5  6 |
---------------+-------------------+-----
Armour         | 1 |  1.4
Ranged Weapons | 5 6 7 |  7.6
Fighting       | 3 4 |  4.4
Dodging        | |  1.5
Stealth        | |  1.1

Action                     |  1- 3 |  4- 6 |  7- 9 || total
---------------------------+-------+-------+-------++-------
   Fire: Shortbow          |   112 |   133 |    48 ||   293
    Use: Scroll            |     4 |     3 |     2 ||     9
         Potion            |       |     3 |     1 ||     4
 Armour: Leather armour    |     9 |       |       ||     9
         Ring mail         |    15 |    68 |    20 ||   103
  Dodge: Dodged            |    30 |   105 |    13 ||   148

Table legend:
 A = Non-vault XP
 B = Vault XP
 C = Vault XP percentage of total XP
 D = Non-vault monster count
 E = Vault monster count
 F = Vault count percentage of total count
                 A         B        C        D         E       F
            +---------+---------+-------+---------+---------+-------
      Total |     789 |      19 |   2.4 |      66 |       5 |   7.0
            +---------+---------+-------+---------+---------+-------
        D:1 |      33 |       0 |   0.0 |      19 |       0 |   0.0
        D:2 |      40 |       0 |   0.0 |      16 |       0 |   0.0
        D:3 |      77 |      19 |  19.8 |      12 |       5 |  29.4
        D:4 |     372 |       0 |   0.0 |      11 |       0 |   0.0
        D:6 |     267 |       0 |   0.0 |       8 |       0 |   0.0
            +---------+---------+-------+---------+---------+-------
